 Dungeon Crawl Stone Soup version 0.31.0-9-g3a7656b989 (webtiles) character file.

Game seed: 5908949797015796219

511 Baz the Ruffian (level 7, -1/46 HPs)
             Began as an Octopode Shapeshifter on Jan 25, 2024.
             Slain by an ogre
             ... wielding a +0 giant club
              (6 damage)
             ... on level 5 of the Dungeon.
             The game lasted 00:05:29 (3579 turns).

Baz the Ruffian (Octopode Shapeshifter)             Turns: 3579, Time: 00:05:30

Health: -1/46      AC:  1    Str: 13    XL:     7   Next: 19%
Magic:  0/7        EV: 14    Int: 14    God:
Gold:   279        SH:  0    Dex: 12    Spells: 6/6 levels left

rFire   . .          .
                       - Unarmed
rCold   . . .        (no shield)
rNeg    . . .        (helmet currently unavailable)
rPois   .            s - amulet of guardian spirit
rElec   .            (no ring)
rCorr   .            (no ring)
SInv    .            (no ring)
Will    .....        (no ring)
Stlth   ++           (no ring)
HPRegen 0.27/turn    (no ring)
MPRegen 0.10/turn    (no ring)
                     (no ring)

%: guardian spirit
@: beast-form
A: beast (slay +2), almost no armour, amphibious, 8 rings, camouflage 1,
gelatinous body 1, (nimble swimmer 1), tentacles
a: Begin Untransformation


You were on level 5 of the Dungeon.
You were a hulking beast.
You visited 1 branch of the dungeon, and saw 5 of its levels.

You collected 279 gold pieces.

Inventory:

Jewellery
 s - an amulet of guardian spirit (around mantle)
Talismans
 b - a beast talisman (active)
 c - a flux talisman
Wands
 m - a wand of charming (5)
Scrolls
 d - 4 scrolls of teleportation {unknown}
 e - a scroll of poison {unknown}
 f - 7 scrolls of identify {unknown}
 i - a scroll of enchant armour {unknown}
 j - a scroll of enchant weapon {unknown}
 n - a scroll of revelation {unknown}
 o - a scroll of noise {unknown}
 p - a scroll of immolation {unknown}
 r - a scroll of blinking {unknown}
Potions
 a - 2 potions of lignification
 g - a potion of attraction {unknown}
 h - a potion of curing {unknown}
 k - 3 potions of haste {unknown}
 l - a potion of might {unknown}
 q - 2 potions of mutation {unknown}


   Skills:
 + Level 3.2 Fighting
 + Level 3.8 Dodging
 + Level 5.4 Unarmed Combat
 * Level 4.2 Shapeshifting


You had 6 spell levels left.
You didn't know any spells.
Your spell library contained the following spells:

 Spells                   Type           Power      Damage    Failure   Level
 Cigotuvi's Dreadful Rot  Necr/Alch/Air  0%         N/A       41%         2
 Inner Flame              Hex/Fire       0%         N/A       65%         3
 Flame Wave               Conj/Fire      0%         2d4       96%         4
 Ignite Poison            Fire/Alch      0%         N/A       96%         4
 Sticky Flame             Fire/Alch      0%         2d4       96%         4
 Vhi's Electric Charge    Tloc/Air       0%         N/A       96%         4
 Arcjolt                  Conj/Air       0%         1d10      100%        5
 Freezing Cloud           Conj/Ice/Air   0%         6-21      100%        5
 Maxwell's Capacitive Co  Air            0%         ∞         100%        8


Dungeon Overview and Level Annotations

Branches:
Dungeon (5/15)             Temple (0/1) D:4

Altars:
Fedhas

Shops:
D:2 [


Innate Abilities, Weirdness & Mutations

You are a hulking beast.
Your limbs bulge with bestial killing power. (Slay +2)
You cannot wear most types of armour.
You are amphibious.
You can wear up to eight rings at the same time.
Your skin changes colour to match your surroundings (Stealth+).
Your rubbery body absorbs attacks. (AC +1, EV +1)
((You are camouflaged when in or above water. (Stealth+)))
You have tentacles for arms and can constrict up to eight enemies at once.


Message History

You tentacle-slap the iguana. Your grab misses the iguana.
Your tentacle-slap misses the iguana.
The iguana is moderately wounded.
The iguana closely misses you.
You barely miss the iguana. Your grab misses the iguana.
You squeeze the iguana.
The iguana is heavily wounded.
The iguana bites you!
You tentacle-slap the iguana but do no damage.
You grab the iguana.
The iguana is heavily wounded.
You constrict the iguana. The iguana bites you.
You tentacle-slap the iguana but do no damage.
You squeeze the iguana, but do no damage.
The iguana is severely wounded.
You constrict the iguana. The iguana closely misses you.
You tentacle-slap the iguana but do no damage.
The iguana is severely wounded.
You constrict the iguana, but do no damage.
The iguana bites you but does no damage.
You tentacle-slap the iguana.
The iguana is almost dead.
You constrict the iguana, but do no damage.
You tentacle-slap the iguana but do no damage.
You squeeze the iguana.
You kill the iguana!
You bludgeon the ogre!
The ogre is moderately wounded.
The ogre barely misses you.
You tentacle-slap the ogre.
The ogre is heavily wounded.
The ogre hits you with a +0 giant club!!
Ouch! That really hurt!
* * * LOW HITPOINT WARNING * * *
You tentacle-slap the ogre.
The ogre is heavily wounded.
You tentacle-slap the ogre.
The ogre is severely wounded.
The ogre hits you with a +0 giant club!
You die...

. ... ....# ##. #.... ... ..$ .
W. ... #.#.# ..... ##.#. .#.##
... ... # #O# #.# .# #h#
######.##..#. ##### #.#
#............ ########...#
#.####......##..##
...)....)..#####..†.....<......#
#..#####.........####.........##
#. #.###.[..#.# #......#### .
##.#..##.#.# #......#
##.#....#.# ###...## ##..##.#.#
#...#


You could see an ogre.

Vanquished Creatures
  An ogre (D:5)
  A phantom (D:5)
  2 jellies
  A sleepcap (D:5)
  4 iguanas (D:5)
  An orc wizard (D:5)
  Ijyb (D:3)
  5 adders
  3 dart slugs
  3 ribbon worms
  3 orcs
  5 endoplasms
  2 giant cockroaches
  2 goblins
  7 hobgoblins
  4 jackals (D:2)
  3 kobolds (D:1)
  4 quokkas
  8 ball pythons
  6 bats
  A frilled lizard (D:2)
  4 rats
71 creatures vanquished.

Notes
Turn   | Place    | Note
-------+----------+-------------------------------------------
     0 | D:1      | Baz the Octopode Shapeshifter began the quest for the Orb.
     0 | D:1      | Reached XP level 1. HP: 13/13 MP: 1/1
    51 | D:1      | Reached XP level 2. HP: 15/18 MP: 2/2
   358 | D:1      | Reached XP level 3. HP: 22/23 MP: 3/3
   831 | D:2      | Found Goruz's Armour Emporium.
   978 | D:2      | Reached XP level 4. HP: 26/29 MP: 4/4
  1490 | D:3      | Noticed Ijyb
  1499 | D:3      | Killed Ijyb
  1500 | D:3      | Reached skill level 4 in Unarmed Combat
  2057 | D:4      | Found a blossoming altar of Fedhas.
  2103 | D:4      | Found a staircase to the Ecumenical Temple.
  2115 | D:4      | Reached XP level 5. HP: 19/34 MP: 5/5
  2685 | D:5      | Entered Level 5 of the Dungeon
  2934 | D:5      | Reached XP level 6. HP: 5/41 MP: 6/6
  3262 | D:5      | Reached skill level 5 in Unarmed Combat
  3515 | D:5      | Reached XP level 7. HP: 36/46 MP: 4/7
  3579 | D:5      | Slain by an ogre

Illustrated notes

Levels and vault maps discovered:
D:1:      heliophobic_arrival_henge, layout_rooms, minmay_small_reverse_x
D:2:      layout_rooms, shapermc_ecumenical_altar_petra, serial_shops, shop,
          nicolae_concentric_dashed_squares_wild, chequers_big_river,
          chequers_serial_rivers_micro_d
D:3:      layout_basic, kennysheep_minor_cross, grunt_ministairs_10, uniq_ijyb
D:4:      layout_cave_pools, fedhas_altar_3, minmay_temple_entry_butterflies
D:5:      layout_loops_cross

Skill      XL: |  1  2  3  4  5  6 |
---------------+-------------------+-----
Fighting       | 2 3 |  3.2
Unarmed Combat | 4 5 |  5.4
Dodging        | 3 |  3.8
Shapeshifting  | 4 |  4.2

Action                     |  1- 3 |  4- 6 |  7- 9 || total
---------------------------+-------+-------+-------++-------
  Melee: Unarmed           |    69 |    93 |    16 ||   178
         Constrict         |    20 |    16 |     2 ||    38
         Tentacles         |    11 |    24 |     4 ||    39
         Punch             |     1 |     3 |       ||     4
   Stab: Sleeping          |     5 |     5 |       ||    10
 Armour: Skin              |    36 |    40 |     5 ||    81
  Dodge: Dodged            |    49 |    35 |     7 ||    91
   Form: Beast             |     1 |       |       ||     1
